Knights vs Diables
Created - 31 octobre 2016 at 19:14
Goals
|
| Knights |
2 |
2 |
0 |
4 |
| Diables |
1 |
1 |
0 |
2 |
|
Shots
|
| Knights |
16 |
13 |
7 |
36 |
| Diables |
5 |
18 |
6 |
29 |
|
1st period
1. Knights , James Wright 2 (Scott Lehman) at 7:07
2. Knights , A.J. Jenks 1 (Nikita Nikitin, Michael Stone) at 13:26
3. Diables , Benn Ferriero 3 (Dustin Kohn, Tyler Bozak) at 19:16
Penalties :
No Penalty
2nd period
4. Knights , A.J. Jenks 2 (Nikita Nikitin, Josh Jooris) at 8:26
5. Diables , Kellan Lain 4 (Tyler Cuma, Tyler Bozak) at 11:07 (PP)
6. Knights , Scott Jackson 1 (Nikita Nikitin, Tomas Kundratek) at 13:50 (PP)
Penalties :
Tyler Cuma (Alm) for Hooking (Minor) at 4:24, Cody Bass (Lon) for Slashing (Minor) at 10:36, Pierre-Cédric Labrie (Alm) for Holding Stick (Minor) at 13:15, Dustin Kohn (Alm) for Interference (Minor) at 16:19
3rd period
No Goal
Penalties :
Pavel Valentenko (Alm) for High sticking (Minor) at 6:34
Goalie Stats
Jeff Glass (Lon), 27 saves from 29 shots - (0,931), W, 1-0-0, 60:00 minutes
Jean-Francois Berube (Alm), 32 saves from 36 shots - (0,889), L, 0-1-1, 60:00 minutes
Players Stats for Knights
Player Name G A P +/- PIM S H SB GA TA FO MP PP MP PK MP
------------------------------------------------------------------------------------
A.J. Jenks 2 0 2 2 0 5 0 0 1 0 0/0 9:19 0:00 0:00
Alan Quine 0 0 0 2 0 0 1 0 0 0 4/4 9:19 0:00 0:00
Brett Connolly 0 0 0 -1 0 0 1 0 0 0 0/0 13:10 0:00 0:00
Cody Bass 0 0 0 -1 2 2 2 0 1 0 3/8 13:09 0:00 0:00
James Wright 1 0 1 1 0 6 1 0 1 1 11/23 20:20 3:31 0:31
Jason Zucker 0 0 0 0 0 1 1 0 0 0 0/1 17:11 3:01 0:00
Joe Colborne 0 0 0 0 0 0 2 0 2 2 6/13 17:11 3:01 0:00
Josh Jooris 0 1 1 2 0 3 1 0 0 1 0/0 9:39 0:00 0:00
Kevin Hayes 0 0 0 1 0 2 2 1 3 0 0/1 19:49 3:31 0:00
Linden Vey 0 0 0 0 0 4 1 2 2 0 0/0 16:51 3:01 0:00
Michael Raffl 0 0 0 1 0 4 2 0 0 2 0/2 20:20 3:31 0:31
Michael Stone 0 1 1 1 0 1 0 2 0 0 0/0 17:43 2:14 0:00
Nikita Nikitin 0 3 3 2 0 1 0 3 0 0 0/0 24:04 4:18 0:00
Ronalds Kenins 0 0 0 -1 0 1 1 1 0 1 0/0 13:10 0:00 0:00
Scott Jackson 1 0 1 1 0 1 2 2 0 0 0/0 18:56 2:14 0:00
Scott Lehman 0 1 1 1 0 2 0 0 1 0 0/0 15:16 0:00 0:00
Tomas Kundratek 0 1 1 0 0 2 0 3 1 1 0/0 25:48 4:18 0:31
Zach Trotman 0 0 0 -1 0 1 0 2 0 0 0/0 18:13 0:00 0:31
Players Stats for Diables
Player Name G A P +/- PIM S H SB GA TA FO MP PP MP PK MP
------------------------------------------------------------------------------------
Ben Hanowski 0 0 0 -1 0 1 0 0 1 0 0/0 7:44 0:00 0:00
Benn Ferriero 1 0 1 0 0 2 0 0 1 1 0/1 14:32 0:00 0:00
Boone Jenner 0 0 0 0 0 0 0 0 0 0 4/6 12:50 0:31 0:00
Brandon Prust 0 0 0 0 0 2 2 1 1 0 0/0 16:57 0:00 2:25
Brian Dumoulin 0 0 0 -2 0 0 0 0 0 0 0/0 12:41 0:00 0:00
Craig Smith 0 0 0 -1 0 3 0 0 0 0 1/2 8:37 0:00 0:22
Dustin Kohn 0 1 1 -1 2 1 0 0 2 1 0/0 17:48 0:00 1:32
Josh Manson 0 0 0 1 0 0 4 0 0 0 0/0 6:38 0:00 1:11
Keith Seabrook 0 0 0 -2 0 0 0 1 0 2 0/0 14:54 0:00 1:54
Kellan Lain 1 0 1 -1 0 4 2 0 0 2 1/1 22:03 0:31 3:41
Lukas Krajicek 0 0 0 0 0 2 1 3 1 0 0/0 22:45 0:31 4:00
Pavel Valentenko 0 0 0 -1 2 2 1 0 0 0 0/0 18:26 0:00 1:43
Pierre-Cédric Labrie 0 0 0 0 2 2 1 0 0 0 0/1 14:13 0:00 1:25
Riley Sheahan 0 0 0 0 0 3 1 0 0 2 6/9 14:32 0:00 0:00
Steve Quailer 0 0 0 -1 0 1 1 1 0 1 0/0 18:47 0:00 1:04
Taylor Beck 0 0 0 -1 0 1 2 0 0 0 0/0 8:04 0:00 0:19
Tomas Kubalik 0 0 0 0 0 1 0 1 0 0 0/0 12:49 0:00 0:00
Tyler Bozak 0 2 2 -1 0 2 1 1 1 2 16/32 22:10 0:31 3:48
Tyler Cuma 0 1 1 1 2 2 0 3 1 1 0/0 26:54 0:31 2:44
3 Stars
1 - A.J. Jenks (Lon)
2 - Nikita Nikitin (Lon)
3 - Scott Jackson (Lon)
Power Play
Knights - 1 on 4 Attempt(s) - 25,00%
Diables - 1 on 1 Attempt(s) - 100,00%
Penalty Kill
Knights - 0 on 1 Attempt(s) - 0,00%
- Score 0 goal in Penalty Kill
Diables - 3 on 4 Attempt(s) - 75,00%
- Score 0 goal in Penalty Kill
Team Stat
Knights - Hits : 17 - Faceoff Wins : 24 - Blocked Shots : 16 - Penalty Minutes : 2
Diables - Hits : 16 - Faceoff Wins : 28 - Blocked Shots : 11 - Penalty Minutes : 8
Official
Referees : StLaurent Francois and Jackson Dave
Linesman : Vaughan Rody and Don Henderson
Game Notes
No Game Note
Finance
Level 1 -- Attendance: 1605 (80,25%) -- Ticket Income 56 175 $
Level 2 -- Attendance: 696 (69,60%) -- Ticket Income 10 440 $
Total Attendance: 2301 (76,70%)
Total Ticket Income: 66 615 $
Other Income: 3 331 $
Total Income: 69 946 $
Knights
5 vs 5 Forward
Center Left Wing Right Wing Time % Phy DF OF
1 James Wright Michael Raffl Kevin Hayes 31 1 1 3
2 Joe Colborne Jason Zucker Linden Vey 29 1 1 3
3 Cody Bass Ronalds Kenins Brett Connolly 25 1 1 3
4 Alan Quine A.J. Jenks Josh Jooris 15 1 2 2
5 vs 5 Defense
Defense Defense Time % Phy DF OF
1 Tomas Kundratek Zach Trotman 35 1 3 1
2 Scott Jackson Nikita Nikitin 30 1 3 1
3 Scott Lehman Michael Stone 22 1 3 1
4 Tomas Kundratek Nikita Nikitin 13 1 2 2
PowerPlay Forward
Center Left Wing Right Wing Time % Phy DF OF
1 James Wright Michael Raffl Kevin Hayes 60 0 0 5
2 Joe Colborne Jason Zucker Linden Vey 40 0 0 5
PowerPlay Defense
Defense Defense Time % Phy DF OF
1 Nikita Nikitin Tomas Kundratek 60 0 1 4
2 Michael Stone Scott Jackson 40 0 1 4
Penalty Kill 4 Players Forward
Center Wing Time % Phy DF OF
1 James Wright Cody Bass 60 0 4 1
2 Joe Colborne Michael Raffl 40 0 4 1
Penalty Kill 4 Players Defense
Defense Defense Time % Phy DF OF
1 Tomas Kundratek Zach Trotman 60 1 4 0
2 Scott Jackson Michael Stone 40 1 4 0
Penalty Kill - 3 Players Forward
Forward Time % Phy DF OF
1 James Wright 60 0 4 1
2 Michael Raffl 40 0 4 1
Penalty Kill - 3 Players Defense
Defense Defense Time % Phy DF OF
1 Tomas Kundratek Zach Trotman 60 0 4 1
2 Nikita Nikitin Scott Jackson 40 0 4 1
4 vs 4 Forward
Center Wing Time % Phy DF OF
1 James Wright Michael Raffl 60 1 2 2
2 Joe Colborne Jason Zucker 40 1 2 2
4 vs 4 Defense
Defense Defense Time % Phy DF OF
1 Nikita Nikitin Tomas Kundratek 60 1 2 2
2 Zach Trotman Scott Jackson 40 1 2 2
Last Minutes Offensive
Center Left Wing Right Wing Defense Defense
James Wright Michael Raffl Joe Colborne Tomas Kundratek Nikita Nikitin
Last Minutes Defensive
Center Left Wing Right Wing Defense Defense
James Wright Michael Raffl Joe Colborne Tomas Kundratek Nikita Nikitin
Goaltenders
Starting : Jeff Glass
Backup : Mark Dekanich
Extra Forwards
Normal : Joe Colborne, Michael Raffl, James Wright - PP : James Wright, Michael Raffl - PK : James Wright
Extra Defensemen
Normal : Nikita Nikitin, Scott Jackson, Tomas Kundratek - PP : Tomas Kundratek - PK : Nikita Nikitin, Tomas Kundratek
Penalty Shots
Kevin Hayes, Michael Raffl, Josh Jooris, James Wright, Joe Colborne
Diables
5 vs 5 Forward
Center Left Wing Right Wing Time % Phy DF OF
1 Tyler Bozak Kellan Lain Steve Quailer 40 1 2 2
2 Riley Sheahan Brandon Prust Benn Ferriero 30 1 2 2
3 Boone Jenner Pierre-Cédric Labrie Tomas Kubalik 20 1 2 2
4 Craig Smith Taylor Beck Ben Hanowski 10 1 2 2
5 vs 5 Defense
Defense Defense Time % Phy DF OF
1 Tyler Cuma Lukas Krajicek 40 1 2 2
2 Dustin Kohn Pavel Valentenko 30 1 2 2
3 Brian Dumoulin Keith Seabrook 20 1 2 2
4 Josh Manson Tyler Cuma 10 1 2 2
PowerPlay Forward
Center Left Wing Right Wing Time % Phy DF OF
1 Tyler Bozak Kellan Lain Boone Jenner 60 1 2 2
2 Riley Sheahan Brandon Prust Steve Quailer 40 1 2 2
PowerPlay Defense
Defense Defense Time % Phy DF OF
1 Tyler Cuma Lukas Krajicek 60 1 2 2
2 Dustin Kohn Pavel Valentenko 40 1 2 2
Penalty Kill 4 Players Forward
Center Wing Time % Phy DF OF
1 Tyler Bozak Kellan Lain 60 1 2 2
2 Brandon Prust Steve Quailer 40 1 2 2
Penalty Kill 4 Players Defense
Defense Defense Time % Phy DF OF
1 Tyler Cuma Lukas Krajicek 60 1 2 2
2 Dustin Kohn Pavel Valentenko 40 1 2 2
Penalty Kill - 3 Players Forward
Forward Time % Phy DF OF
1 Tyler Bozak 60 1 2 2
2 Kellan Lain 40 1 2 2
Penalty Kill - 3 Players Defense
Defense Defense Time % Phy DF OF
1 Tyler Cuma Lukas Krajicek 60 1 2 2
2 Dustin Kohn Pavel Valentenko 40 1 2 2
4 vs 4 Forward
Center Wing Time % Phy DF OF
1 Tyler Bozak Kellan Lain 60 1 2 2
2 Brandon Prust Steve Quailer 40 1 2 2
4 vs 4 Defense
Defense Defense Time % Phy DF OF
1 Tyler Cuma Lukas Krajicek 60 1 2 2
2 Dustin Kohn Pavel Valentenko 40 1 2 2
Last Minutes Offensive
Center Left Wing Right Wing Defense Defense
Tyler Bozak Kellan Lain Steve Quailer Tyler Cuma Lukas Krajicek
Last Minutes Defensive
Center Left Wing Right Wing Defense Defense
Tyler Bozak Kellan Lain Steve Quailer Tyler Cuma Lukas Krajicek
Goaltenders
Starting : Jean-Francois Berube
Backup : Marek Mazanek
Extra Forwards
Normal : Craig Smith, Tomas Kubalik, Pierre-Cédric Labrie - PP : Craig Smith, Tomas Kubalik - PK : Pierre-Cédric Labrie
Extra Defensemen
Normal : Brian Dumoulin, Keith Seabrook, Josh Manson - PP : Brian Dumoulin - PK : Keith Seabrook, Josh Manson
Penalty Shots
Tyler Bozak, Kellan Lain, Brandon Prust, Steve Quailer, Riley Sheahan
% Time on Ice - Knights
Lines # - Real PCT - Wanted PCT - Time Play
Normal Forward
1 - 31% - 31% - 16:38
2 - 26% - 29% - 13:50
3 - 25% - 25% - 13:10
4 - 18% - 15% - 9:19
Normal Defense
1 - 34% - 35% - 18:07
2 - 29% - 30% - 15:32
3 - 29% - 22% - 15:16
4 - 8% - 13% - 4:02
PP Forward
1 - 54% - 60% - 3:31
2 - 46% - 40% - 3:01
PP Defense
1 - 66% - 60% - 4:18
2 - 34% - 40% - 2:14
PK Forward
1 - 100% - 60% - 0:31
2 - 0% - 40% - 0:00
PK Defense
1 - 100% - 60% - 0:31
2 - 0% - 40% - 0:00
PK3 Forward
1 - 0% - 60%
2 - 0% - 40%
PK3 Defense
1 - 0% - 60%
2 - 0% - 40%
44 Forward
1 - 0% - 60%
2 - 0% - 40%
44 Defense
1 - 0% - 60%
2 - 0% - 40%
Last Minute Offensive - 0:00
Last Minute Defensive - 0:00
Total
Forward - 60:00
Defense - 60:00
|
% Time on Ice - Diables
Lines # - Real PCT - Wanted PCT - Time Play
Normal Forward
1 - 35% - 40% - 18:22
2 - 27% - 30% - 14:32
3 - 23% - 20% - 12:19
4 - 15% - 10% - 7:44
Normal Defense
1 - 34% - 40% - 18:14
2 - 32% - 30% - 16:57
3 - 23% - 20% - 12:20
4 - 10% - 10% - 5:26
PP Forward
1 - 100% - 60% - 0:31
2 - 0% - 40% - 0:00
PP Defense
1 - 100% - 60% - 0:31
2 - 0% - 40% - 0:00
PK Forward
1 - 84% - 60% - 5:28
2 - 16% - 40% - 1:04
PK Defense
1 - 61% - 60% - 4:00
2 - 39% - 40% - 2:32
PK3 Forward
1 - 0% - 60%
2 - 0% - 40%
PK3 Defense
1 - 0% - 60%
2 - 0% - 40%
44 Forward
1 - 0% - 60%
2 - 0% - 40%
44 Defense
1 - 0% - 60%
2 - 0% - 40%
Last Minute Offensive - 0:00
Last Minute Defensive - 0:00
Total
Forward - 60:00
Defense - 60:00
|
Play by Play
1st period
0:01 of 1st period - James Wright wins face-off versus Tyler Bozak in neutral zone.
0:31 of 1st period - Tyler Cuma is hit by Joe Colborne.
1:37 of 1st period - Slapshot by Linden Vey.
1:37 of 1st period - Stopped by Jean-Francois Berube with a rebound.
1:39 of 1st period - Slapshot by Scott Lehman.
1:39 of 1st period - Stopped by Jean-Francois Berube with a rebound.
1:41 of 1st period - Snap shot by Scott Lehman.
1:41 of 1st period - Shot Misses the Net.
2:43 of 1st period - Kellan Lain is hit by Cody Bass and loses puck.
3:40 of 1st period - Snap shot by Josh Jooris.
3:40 of 1st period - Stopped by Jean-Francois Berube with a rebound.
3:42 of 1st period - Slapshot by Michael Stone.
3:42 of 1st period - Stopped by Jean-Francois Berube without a rebound.
3:43 of 1st period - Tyler Bozak wins face-off versus Joe Colborne in Diables zone.
4:15 of 1st period - Snap shot by Brandon Prust.
4:15 of 1st period - Shot Misses the Net.
4:21 of 1st period - Benn Ferriero is hit by Kevin Hayes and loses puck.
4:29 of 1st period - Icing by Benn Ferriero.
4:30 of 1st period - Cody Bass wins face-off versus Boone Jenner in Diables zone.
4:45 of 1st period - Slapshot by Dustin Kohn.
4:45 of 1st period - Shot Blocked by Scott Jackson.
5:45 of 1st period - Slapshot by A.J. Jenks.
5:45 of 1st period - Stopped by Jean-Francois Berube with a rebound.
5:56 of 1st period - Off-side.
5:57 of 1st period - Boone Jenner wins face-off versus Cody Bass in neutral zone.
6:47 of 1st period - Wrist shot by Ben Hanowski.
6:47 of 1st period - Shot Blocked by Michael Stone.
6:49 of 1st period - Snap shot by Dustin Kohn.
6:49 of 1st period - Shot Blocked by Linden Vey.
7:07 of 1st period - Snap shot by James Wright.
7:07 of 1st period - Goal by James Wright - Knights : 1 - Diables : 0.
7:08 of 1st period - James Wright wins face-off versus Tyler Bozak in neutral zone.
7:43 of 1st period - Snap shot by Cody Bass.
7:43 of 1st period - Shot Blocked by Brandon Prust.
7:45 of 1st period - Wrist shot by Ronalds Kenins.
7:45 of 1st period - Shot Misses the Net.
8:36 of 1st period - Wrist shot by James Wright.
8:36 of 1st period - Stopped by Jean-Francois Berube without a rebound.
8:37 of 1st period - James Wright wins face-off versus Craig Smith in Diables zone.
8:38 of 1st period - Snap shot by Michael Raffl.
8:38 of 1st period - Stopped by Jean-Francois Berube with a rebound.
9:11 of 1st period - Snap shot by Tyler Bozak.
9:11 of 1st period - Stopped by Jeff Glass without a rebound.
9:12 of 1st period - Riley Sheahan wins face-off versus Joe Colborne in Knights zone.
9:19 of 1st period - Backhand shot by Brandon Prust.
9:19 of 1st period - Stopped by Jeff Glass with a rebound.
9:39 of 1st period - Kevin Hayes is hit by Steve Quailer and loses puck.
9:49 of 1st period - Wrist shot by James Wright.
9:49 of 1st period - Stopped by Jean-Francois Berube without a rebound.
9:50 of 1st period - Boone Jenner wins face-off versus Cody Bass in Diables zone.
10:01 of 1st period - Wrist shot by Tomas Kubalik.
10:01 of 1st period - Shot Misses the Net.
10:03 of 1st period - Snap shot by Boone Jenner.
10:03 of 1st period - Shot Blocked by Nikita Nikitin.
10:05 of 1st period - Slapshot by Tyler Cuma.
10:05 of 1st period - Shot Blocked by Nikita Nikitin.
10:19 of 1st period - Wrist shot by Michael Raffl.
10:19 of 1st period - Shot Blocked by Tyler Cuma.
10:21 of 1st period - Wrist shot by Michael Raffl.
10:21 of 1st period - Shot Hit the Post.
10:23 of 1st period - Snap shot by Kevin Hayes.
10:23 of 1st period - Shot Blocked by Tyler Bozak.
10:25 of 1st period - Snap shot by James Wright.
10:25 of 1st period - Stopped by Jean-Francois Berube without a rebound.
10:26 of 1st period - Alan Quine wins face-off versus Riley Sheahan in Diables zone.
10:33 of 1st period - Slapshot by A.J. Jenks.
10:33 of 1st period - Stopped by Jean-Francois Berube with a rebound.
10:57 of 1st period - Wrist shot by Kevin Hayes.
10:57 of 1st period - Stopped by Jean-Francois Berube without a rebound.
10:58 of 1st period - James Wright wins face-off versus Tyler Bozak in Diables zone.
10:59 of 1st period - Snap shot by Michael Raffl.
10:59 of 1st period - Shot Misses the Net.
11:01 of 1st period - Slapshot by Michael Raffl.
11:01 of 1st period - Shot Misses the Net.
11:03 of 1st period - Wrist shot by Michael Raffl.
11:03 of 1st period - Stopped by Jean-Francois Berube without a rebound.
11:04 of 1st period - Joe Colborne wins face-off versus Tyler Bozak in Diables zone.
11:50 of 1st period - Jason Zucker is hit by Pierre-Cédric Labrie and loses puck.
12:09 of 1st period - Snap shot by Jason Zucker.
12:09 of 1st period - Shot Misses the Net.
12:11 of 1st period - Slapshot by Tomas Kundratek.
12:11 of 1st period - Shot Misses the Net.
12:13 of 1st period - Slapshot by Zach Trotman.
12:13 of 1st period - Shot Blocked by Tyler Cuma.
12:15 of 1st period - Snap shot by Tomas Kundratek.
12:15 of 1st period - Shot Blocked by Tomas Kubalik.
12:17 of 1st period - Wrist shot by Linden Vey.
12:17 of 1st period - Shot Misses the Net.
12:19 of 1st period - Slapshot by Tomas Kundratek.
12:19 of 1st period - Shot Blocked by Lukas Krajicek.
12:29 of 1st period - Snap shot by Jason Zucker.
12:29 of 1st period - Shot Misses the Net.
12:31 of 1st period - Slapshot by Zach Trotman.
12:31 of 1st period - Stopped by Jean-Francois Berube with a rebound.
12:33 of 1st period - Slapshot by Linden Vey.
12:33 of 1st period - Shot Misses the Net.
12:35 of 1st period - Snap shot by Joe Colborne.
12:35 of 1st period - Deflect By Jason Zucker.
12:35 of 1st period - Shot Misses the Net.
12:35 of 1st period - Puck is out of play.
12:36 of 1st period - Cody Bass wins face-off versus Tyler Bozak in Diables zone.
13:01 of 1st period - Kevin Hayes is hit by Brandon Prust and loses puck.
13:22 of 1st period - Snap shot by A.J. Jenks.
13:22 of 1st period - Shot Misses the Net.
13:24 of 1st period - Slapshot by Michael Stone.
13:24 of 1st period - Shot Misses the Net.
13:26 of 1st period - Slapshot by Nikita Nikitin.
13:26 of 1st period - Deflect By A.J. Jenks.
13:26 of 1st period - Goal by A.J. Jenks - Knights : 2 - Diables : 0.
13:27 of 1st period - Tyler Bozak wins face-off versus James Wright in neutral zone.
13:59 of 1st period - Slapshot by Brandon Prust.
13:59 of 1st period - Shot Blocked by Zach Trotman.
14:01 of 1st period - Snap shot by Pavel Valentenko.
14:01 of 1st period - Shot Misses the Net.
14:03 of 1st period - Slapshot by Pavel Valentenko.
14:03 of 1st period - Stopped by Jeff Glass with a rebound.
15:50 of 1st period - Slapshot by Ben Hanowski.
15:50 of 1st period - Stopped by Jeff Glass with a rebound.
15:52 of 1st period - Slapshot by Tyler Cuma.
15:52 of 1st period - Shot Misses the Net.
15:54 of 1st period - Snap shot by Ben Hanowski.
15:54 of 1st period - Shot Misses the Net.
16:52 of 1st period - Dustin Kohn is hit by Michael Raffl.
18:24 of 1st period - Pierre-Cédric Labrie is hit by Kevin Hayes and loses puck.
19:12 of 1st period - Snap shot by Tyler Bozak.
19:12 of 1st period - Shot Misses the Net.
19:14 of 1st period - Slapshot by Dustin Kohn.
19:14 of 1st period - Shot Blocked by Tomas Kundratek.
19:16 of 1st period - Snap shot by Benn Ferriero.
19:16 of 1st period - Goal by Benn Ferriero - Knights : 2 - Diables : 1.
19:17 of 1st period - James Wright wins face-off versus Tyler Bozak in neutral zone.
19:26 of 1st period - Slapshot by Kevin Hayes.
19:26 of 1st period - Stopped by Jean-Francois Berube with a rebound.
19:29 of 1st period - Icing by Kellan Lain.
19:30 of 1st period - Tyler Bozak wins face-off versus James Wright in Diables zone.
Goals for this period are 2 for Knights vs 1 for Diables.
Shots for this period are 16 for Knights vs 5 for Diables.
2nd period
0:01 of 2nd period - James Wright wins face-off versus Tyler Bozak in neutral zone.
0:08 of 2nd period - Slapshot by Nikita Nikitin.
0:08 of 2nd period - Shot Misses the Net.
0:14 of 2nd period - Snap shot by Tyler Bozak.
0:14 of 2nd period - Stopped by Jeff Glass without a rebound.
0:15 of 2nd period - Riley Sheahan wins face-off versus Cody Bass in Knights zone.
0:24 of 2nd period - Wrist shot by Benn Ferriero.
0:24 of 2nd period - Shot Misses the Net.
0:26 of 2nd period - Backhand shot by Benn Ferriero.
0:26 of 2nd period - Shot Misses the Net.
0:28 of 2nd period - Snap shot by Lukas Krajicek.
0:28 of 2nd period - Stopped by Jeff Glass with a rebound.
0:30 of 2nd period - Wrist shot by Benn Ferriero.
0:30 of 2nd period - Stopped by Jeff Glass without a rebound.
0:31 of 2nd period - Tyler Bozak wins face-off versus James Wright in Knights zone.
0:58 of 2nd period - Cody Bass is hit by Brandon Prust and loses puck.
1:16 of 2nd period - Off-side.
1:17 of 2nd period - Joe Colborne wins face-off versus Boone Jenner in neutral zone.
1:26 of 2nd period - Snap shot by Linden Vey.
1:26 of 2nd period - Shot Misses the Net.
1:46 of 2nd period - Slapshot by Nikita Nikitin.
1:46 of 2nd period - Deflect By Michael Raffl.
1:46 of 2nd period - Shot Misses the Net.
1:46 of 2nd period - Puck is out of play.
1:47 of 2nd period - Tyler Bozak wins face-off versus James Wright in Diables zone.
2:01 of 2nd period - Slapshot by Kellan Lain.
2:01 of 2nd period - Stopped by Jeff Glass with a rebound.
2:03 of 2nd period - Wrist shot by Steve Quailer.
2:03 of 2nd period - Shot Misses the Net.
2:23 of 2nd period - Snap shot by Cody Bass.
2:23 of 2nd period - Stopped by Jean-Francois Berube with a rebound.
2:37 of 2nd period - Snap shot by Tomas Kubalik.
2:37 of 2nd period - Shot Blocked by Zach Trotman.
2:39 of 2nd period - Wrist shot by Pierre-Cédric Labrie.
2:39 of 2nd period - Stopped by Jeff Glass without a rebound.
2:40 of 2nd period - Joe Colborne wins face-off versus Tyler Bozak in Knights zone.
3:43 of 2nd period - Backhand shot by Nikita Nikitin.
3:43 of 2nd period - Deflect By Josh Jooris.
3:43 of 2nd period - Stopped by Jean-Francois Berube with a rebound.
4:07 of 2nd period - Snap shot by Joe Colborne.
4:07 of 2nd period - Shot Blocked by Steve Quailer.
4:09 of 2nd period - Slapshot by Linden Vey.
4:09 of 2nd period - Stopped by Jean-Francois Berube without a rebound.
4:10 of 2nd period - Joe Colborne wins face-off versus Tyler Bozak in Diables zone.
4:19 of 2nd period - Slapshot by Linden Vey.
4:19 of 2nd period - Stopped by Jean-Francois Berube with a rebound.
4:21 of 2nd period - Wrist shot by Jason Zucker.
4:21 of 2nd period - Stopped by Jean-Francois Berube without a rebound.
4:22 of 2nd period - Tyler Bozak wins face-off versus James Wright in Diables zone.
4:24 of 2nd period - Minor Penalty to Tyler Cuma for Hooking.
4:25 of 2nd period - James Wright wins face-off versus Tyler Bozak in Diables zone.
6:13 of 2nd period - Nikita Nikitin is hit by Josh Manson and loses puck.
6:24 of 2nd period - Penalty to Tyler Cuma is over, Tyler Cuma is back on ice.
6:36 of 2nd period - Slapshot by Tomas Kubalik.
6:36 of 2nd period - Deflect By Pierre-Cédric Labrie.
6:36 of 2nd period - Stopped by Jeff Glass without a rebound.
6:37 of 2nd period - Riley Sheahan wins face-off versus Cody Bass in Knights zone.
6:42 of 2nd period - Snap shot by Riley Sheahan.
6:42 of 2nd period - Stopped by Jeff Glass with a rebound.
6:44 of 2nd period - Snap shot by Benn Ferriero.
6:44 of 2nd period - Shot Misses the Net.
6:46 of 2nd period - Snap shot by Riley Sheahan.
6:46 of 2nd period - Shot Blocked by Tomas Kundratek.
6:48 of 2nd period - Wrist shot by Benn Ferriero.
6:48 of 2nd period - Deflect By Brandon Prust.
6:48 of 2nd period - Stopped by Jeff Glass with a rebound.
6:50 of 2nd period - Wrist shot by Riley Sheahan.
6:50 of 2nd period - Stopped by Jeff Glass without a rebound.
6:51 of 2nd period - Alan Quine wins face-off versus Tyler Bozak in Knights zone.
6:51 of 2nd period - Alan Quine is hit by Tyler Bozak.
7:03 of 2nd period - Snap shot by A.J. Jenks.
7:03 of 2nd period - Stopped by Jean-Francois Berube with a rebound.
7:27 of 2nd period - Snap shot by Brandon Prust.
7:27 of 2nd period - Deflect By Riley Sheahan.
7:27 of 2nd period - Stopped by Jeff Glass with a rebound.
8:09 of 2nd period - Cody Bass is hit by Taylor Beck and loses puck.
8:22 of 2nd period - Snap shot by Brett Connolly.
8:22 of 2nd period - Deflect By Josh Jooris.
8:22 of 2nd period - Stopped by Jean-Francois Berube with a rebound.
8:24 of 2nd period - Slapshot by Nikita Nikitin.
8:24 of 2nd period - Shot Misses the Net.
8:26 of 2nd period - Slapshot by A.J. Jenks.
8:26 of 2nd period - Goal by A.J. Jenks - Knights : 3 - Diables : 1.
8:27 of 2nd period - Tyler Bozak wins face-off versus Michael Raffl in neutral zone.
8:40 of 2nd period - Wrist shot by Steve Quailer.
8:40 of 2nd period - Shot Blocked by Tomas Kundratek.
8:42 of 2nd period - Snap shot by Tyler Bozak.
8:42 of 2nd period - Shot Blocked by Kevin Hayes.
9:51 of 2nd period - Kellan Lain is hit by Scott Jackson and loses puck.
10:24 of 2nd period - Snap shot by Taylor Beck.
10:24 of 2nd period - Deflect By Michael Stone.
10:24 of 2nd period - Stopped by Jeff Glass with a rebound.
10:26 of 2nd period - Slapshot by Dustin Kohn.
10:26 of 2nd period - Shot Misses the Net.
10:28 of 2nd period - Wrist shot by Craig Smith.
10:28 of 2nd period - Stopped by Jeff Glass with a rebound.
10:30 of 2nd period - Slapshot by Pavel Valentenko.
10:30 of 2nd period - Shot Blocked by Linden Vey.
10:32 of 2nd period - Snap shot by Craig Smith.
10:32 of 2nd period - Stopped by Jeff Glass without a rebound.
10:33 of 2nd period - Cody Bass wins face-off versus Riley Sheahan in Knights zone.
10:33 of 2nd period - Cody Bass is hit by Lukas Krajicek.
10:36 of 2nd period - Minor Penalty to Cody Bass for Slashing.
10:37 of 2nd period - Tyler Bozak wins face-off versus James Wright in Knights zone.
10:39 of 2nd period - Snap shot by Kellan Lain.
10:39 of 2nd period - Stopped by Jeff Glass with a rebound.
10:47 of 2nd period - Slapshot by Tyler Cuma.
10:47 of 2nd period - Shot Misses the Net.
10:49 of 2nd period - Slapshot by Lukas Krajicek.
10:49 of 2nd period - Stopped by Jeff Glass without a rebound.
10:50 of 2nd period - Tyler Bozak wins face-off versus James Wright in Knights zone.
10:53 of 2nd period - Wrist shot by Kellan Lain.
10:53 of 2nd period - Shot Misses the Net.
10:55 of 2nd period - Slapshot by Lukas Krajicek.
10:55 of 2nd period - Deflect By Tyler Bozak.
10:55 of 2nd period - Shot Misses the Net.
10:55 of 2nd period - Puck is out of play.
10:56 of 2nd period - Tyler Bozak wins face-off versus James Wright in Knights zone.
11:07 of 2nd period - Wrist shot by Kellan Lain.
11:07 of 2nd period - Goal by Kellan Lain - Knights : 3 - Diables : 2.
11:08 of 2nd period - James Wright wins face-off versus Tyler Bozak in neutral zone.
11:33 of 2nd period - Riley Sheahan is hit by Linden Vey.
11:39 of 2nd period - Slapshot by Tyler Cuma.
11:39 of 2nd period - Deflect By Joe Colborne.
11:39 of 2nd period - Stopped by Jeff Glass with a rebound.
13:15 of 2nd period - Minor Penalty to Pierre-Cédric Labrie for Holding Stick.
13:16 of 2nd period - Tyler Bozak wins face-off versus Michael Raffl in Diables zone.
13:50 of 2nd period - Snap shot by Scott Jackson.
13:50 of 2nd period - Goal by Scott Jackson - Knights : 4 - Diables : 2.
13:51 of 2nd period - James Wright wins face-off versus Tyler Bozak in neutral zone.
14:00 of 2nd period - Wrist shot by James Wright.
14:00 of 2nd period - Stopped by Jean-Francois Berube with a rebound.
14:02 of 2nd period - Snap shot by James Wright.
14:02 of 2nd period - Shot Blocked by Lukas Krajicek.
14:04 of 2nd period - Wrist shot by James Wright.
14:04 of 2nd period - Shot Blocked by Tyler Cuma.
14:06 of 2nd period - Snap shot by Tomas Kundratek.
14:06 of 2nd period - Stopped by Jean-Francois Berube with a rebound.
14:16 of 2nd period - Benn Ferriero is hit by Jason Zucker.
15:12 of 2nd period - Wrist shot by Tomas Kubalik.
15:12 of 2nd period - Shot Misses the Net.
15:37 of 2nd period - Off-side.
15:38 of 2nd period - Tyler Bozak wins face-off versus Joe Colborne in neutral zone.
16:19 of 2nd period - Minor Penalty to Dustin Kohn for Interference.
16:20 of 2nd period - Tyler Bozak wins face-off versus Kevin Hayes in Diables zone.
16:51 of 2nd period - Joe Colborne is hit by Pavel Valentenko.
17:28 of 2nd period - Icing by Michael Stone.
17:29 of 2nd period - Joe Colborne wins face-off versus Pierre-Cédric Labrie in Knights zone.
17:34 of 2nd period - Tyler Cuma is hit by Joe Colborne.
18:19 of 2nd period - Penalty to Dustin Kohn is over, Dustin Kohn is back on ice.
18:26 of 2nd period - Ben Hanowski is hit by Brett Connolly and loses puck.
18:31 of 2nd period - Snap shot by Cody Bass.
18:31 of 2nd period - Shot Blocked by Keith Seabrook.
18:33 of 2nd period - Slapshot by Nikita Nikitin.
18:33 of 2nd period - Stopped by Jean-Francois Berube with a rebound.
18:35 of 2nd period - Wrist shot by Cody Bass.
18:35 of 2nd period - Stopped by Jean-Francois Berube with a rebound.
19:11 of 2nd period - Tyler Cuma is hit by James Wright and loses puck.
19:43 of 2nd period - Wrist shot by Dustin Kohn.
19:43 of 2nd period - Stopped by Jeff Glass without a rebound.
19:44 of 2nd period - Riley Sheahan wins face-off versus Jason Zucker in Knights zone.
Goals for this period are 2 for Knights vs 1 for Diables.
Shots for this period are 13 for Knights vs 18 for Diables.
3rd period
0:01 of 3rd period - James Wright wins face-off versus Tyler Bozak in neutral zone.
0:42 of 3rd period - Snap shot by Riley Sheahan.
0:42 of 3rd period - Shot Misses the Net.
1:17 of 3rd period - Snap shot by Taylor Beck.
1:17 of 3rd period - Shot Misses the Net.
1:37 of 3rd period - Wrist shot by Michael Raffl.
1:37 of 3rd period - Stopped by Jean-Francois Berube without a rebound.
1:38 of 3rd period - Tyler Bozak wins face-off versus James Wright in Diables zone.
2:05 of 3rd period - Off-side.
2:06 of 3rd period - Riley Sheahan wins face-off versus Joe Colborne in neutral zone.
3:14 of 3rd period - Wrist shot by Benn Ferriero.
3:14 of 3rd period - Shot Blocked by Nikita Nikitin.
3:16 of 3rd period - Slapshot by Tyler Cuma.
3:16 of 3rd period - Stopped by Jeff Glass without a rebound.
3:17 of 3rd period - Alan Quine wins face-off versus Riley Sheahan in Knights zone.
3:49 of 3rd period - Wrist shot by Steve Quailer.
3:49 of 3rd period - Stopped by Jeff Glass with a rebound.
3:51 of 3rd period - Snap shot by Tyler Bozak.
3:51 of 3rd period - Shot Misses the Net.
4:05 of 3rd period - Wrist shot by Joe Colborne.
4:05 of 3rd period - Shot Misses the Net.
4:18 of 3rd period - Icing by Nikita Nikitin.
4:19 of 3rd period - Craig Smith wins face-off versus Joe Colborne in Knights zone.
4:26 of 3rd period - Jason Zucker is hit by Kellan Lain and loses puck.
4:45 of 3rd period - Michael Raffl is hit by Riley Sheahan and loses puck.
5:24 of 3rd period - Tyler Cuma is hit by Scott Jackson and loses puck.
5:53 of 3rd period - Snap shot by James Wright.
5:53 of 3rd period - Stopped by Jean-Francois Berube with a rebound.
6:04 of 3rd period - Icing by Tyler Cuma.
6:05 of 3rd period - Joe Colborne wins face-off versus Tyler Bozak in Diables zone.
6:14 of 3rd period - Snap shot by Linden Vey.
6:14 of 3rd period - Stopped by Jean-Francois Berube without a rebound.
6:15 of 3rd period - Kellan Lain wins face-off versus James Wright in Diables zone.
6:15 of 3rd period - Kellan Lain is hit by Michael Raffl.
6:34 of 3rd period - Minor Penalty to Pavel Valentenko for High sticking.
6:35 of 3rd period - Tyler Bozak wins face-off versus James Wright in Diables zone.
8:29 of 3rd period - Kevin Hayes is hit by Kellan Lain and loses puck.
8:34 of 3rd period - Penalty to Pavel Valentenko is over, Pavel Valentenko is back on ice.
8:47 of 3rd period - Wrist shot by Craig Smith.
8:47 of 3rd period - Stopped by Jeff Glass with a rebound.
8:53 of 3rd period - Slapshot by Scott Lehman.
8:53 of 3rd period - Stopped by Jean-Francois Berube with a rebound.
8:55 of 3rd period - Wrist shot by Scott Lehman.
8:55 of 3rd period - Shot Blocked by Lukas Krajicek.
10:19 of 3rd period - Slapshot by Brandon Prust.
10:19 of 3rd period - Shot Blocked by Scott Jackson.
11:53 of 3rd period - Jason Zucker is hit by Taylor Beck and loses puck.
12:10 of 3rd period - Tyler Cuma is hit by Josh Jooris and loses puck.
12:51 of 3rd period - Michael Raffl is hit by Josh Manson and loses puck.
13:04 of 3rd period - Michael Stone is hit by Josh Manson and loses puck.
13:11 of 3rd period - Michael Raffl is hit by Josh Manson and loses puck.
13:28 of 3rd period - Snap shot by James Wright.
13:28 of 3rd period - Shot Misses the Net.
13:57 of 3rd period - Slapshot by Michael Stone.
13:57 of 3rd period - Deflect By Michael Raffl.
13:57 of 3rd period - Shot Misses the Net.
13:57 of 3rd period - Puck is out of play.
13:58 of 3rd period - Tyler Bozak wins face-off versus Joe Colborne in Diables zone.
14:09 of 3rd period - Slapshot by Dustin Kohn.
14:09 of 3rd period - Deflect By Kellan Lain.
14:09 of 3rd period - Stopped by Jeff Glass with a rebound.
14:35 of 3rd period - Slapshot by Cody Bass.
14:35 of 3rd period - Shot Misses the Net.
14:37 of 3rd period - Slapshot by Tomas Kundratek.
14:37 of 3rd period - Stopped by Jean-Francois Berube without a rebound.
14:38 of 3rd period - Alan Quine wins face-off versus Tyler Bozak in Diables zone.
15:10 of 3rd period - Slapshot by Keith Seabrook.
15:10 of 3rd period - Shot Blocked by Ronalds Kenins.
15:12 of 3rd period - Snap shot by Tomas Kubalik.
15:12 of 3rd period - Stopped by Jeff Glass without a rebound.
15:13 of 3rd period - Boone Jenner wins face-off versus Cody Bass in Knights zone.
16:04 of 3rd period - Wrist shot by Tomas Kundratek.
16:04 of 3rd period - Shot Misses the Net.
16:46 of 3rd period - Off-side.
16:47 of 3rd period - Riley Sheahan wins face-off versus Joe Colborne in neutral zone.
16:58 of 3rd period - Snap shot by Riley Sheahan.
16:58 of 3rd period - Shot Blocked by Michael Stone.
17:44 of 3rd period - Steve Quailer is hit by Ronalds Kenins and loses puck.
17:49 of 3rd period - Wrist shot by Ronalds Kenins.
17:49 of 3rd period - Stopped by Jean-Francois Berube without a rebound.
17:50 of 3rd period - James Wright wins face-off versus Benn Ferriero in Diables zone.
18:15 of 3rd period - Keith Seabrook is hit by Alan Quine and loses puck.
18:28 of 3rd period - Slapshot by Pavel Valentenko.
18:28 of 3rd period - Stopped by Jeff Glass without a rebound.
18:29 of 3rd period - Boone Jenner wins face-off versus James Wright in Knights zone.
18:30 of 3rd period - Wrist shot by Tomas Kubalik.
18:30 of 3rd period - Shot Misses the Net.
18:42 of 3rd period - Slapshot by Michael Raffl.
18:42 of 3rd period - Stopped by Jean-Francois Berube with a rebound.
18:44 of 3rd period - Slapshot by Nikita Nikitin.
18:44 of 3rd period - Shot Misses the Net.
18:54 of 3rd period - Lukas Krajicek is hit by Cody Bass and loses puck.
Goals for this period are 0 for Knights vs 0 for Diables.
Shots for this period are 7 for Knights vs 6 for Diables.
Back to the Top